 Dungeon Crawl Stone Soup version 0.22-a0-135-g6f012ad (webtiles) character file.

6470 kuniqs the Summoner (level 10, -2/50 HPs)
             Began as a Deep Elf Summoner on Feb 1, 2018.
             Was a High Priest of Sif Muna.
             Engulfed by a cloud of freezing vapour (21 damage)
             ... in an ice cave.
             The game lasted 00:34:40 (12127 turns).

kuniqs the Summoner (Deep Elf Summoner)            Turns: 12127, Time: 00:34:41

Health: -2/50      AC: 10    Str:  5    XL:     10   Next: 68%
Magic:  37/37      EV: 13    Int: 24    God:    Sif Muna [*****.]
Gold:   422        SH:  0    Dex: 15    Spells: 7/34 levels left

rFire    . . .     SeeInvis +   H - +7 lajatang of Order {silver, rMut, !a}
rCold    . . .     Gourm    .   (shield currently unavailable)
rNeg     . . .     Faith    .   a - +0 robe
rPois    .         Spirit   .   p - +2 helmet {SInv}
rElec    .         Reflect  .   u - +0 cloak
rCorr    .         Harm     .   J - +2 pair of gloves
rMut     +                      z - +0 pair of boots
MR       +....                  (no amulet)
Stlth    +++.......             j - ring of stealth
HPRegen  0.16/turn              L - ring of magical power
MPRegen  0.25/turn

@: divine energy
A: no striking features
a: Stop Divine Energy, Channel Magic, Forget Spell, Renounce Religion


You were in an ice cave.
You worshipped Sif Muna.
Sif Muna was extremely pleased with you.
You were not hungry.

You visited 2 branches of the dungeon, and saw 12 of its levels.
You also visited: Ossuary and Ice Cave.

You collected 660 gold pieces.
You spent 238 gold pieces at shops.

Inventory:

Hand Weapons
 H - the +7 lajatang of Order (weapon) {silver, rMut, !a}
   (You found it on level 8 of the Dungeon)

   It protects you from mutation.
Armour
 a - a +0 robe (worn)
 p - a +2 helmet of see invisible (worn)
 u - a +0 cloak (worn)
 z - a +0 pair of boots (worn)
 G - a +0 hat of magic resistance
 J - a +2 pair of gloves (worn)
Jewellery
 j - a ring of stealth (left hand)
 L - a ring of magical power (right hand)
Wands
 q - a wand of scattershot (10)
 y - a wand of iceblast (3)
 M - a wand of polymorph (7)
 N - a wand of digging (24)
Scrolls
 e - 3 scrolls of blinking
 f - 10 scrolls of identify {@r1}
 h - 7 scrolls of remove curse {@r2}
 m - 4 scrolls of teleportation {unknown}
 n - 8 scrolls of amnesia {unknown}
 r - 3 scrolls of immolation {unknown}
 C - a scroll of brand weapon {unknown}
 D - 2 scrolls of noise {unknown}
 F - a scroll of magic mapping
 I - 2 scrolls of enchant weapon {unknown}
 K - a scroll of fog {unknown}
 Q - a scroll of fear {unknown}
Potions
 d - a potion of heal wounds
 g - 5 potions of flight
 i - 3 potions of cancellation
 k - 4 potions of brilliance
 l - 3 potions of lignification {unknown}
 o - 3 potions of mutation {unknown}
 s - 3 potions of might {unknown}
 t - 3 potions of agility {unknown}
 v - 6 potions of curing {@q1}
 x - 3 potions of degeneration {unknown}
 A - 2 potions of haste {unknown}
 E - a potion of resistance {unknown}
Books
 b - a book of Callings

   Spells                             Type                      Level
   a - Summon Small Mammal            Summoning                    1
   b - Call Imp                       Summoning                    2
   c - Call Canine Familiar           Summoning                    3
   d - Summon Guardian Golem          Hexes/Summoning              3
   e - Summon Lightning Spire         Summoning/Air                4
   f - Summon Ice Beast               Ice/Summoning                4
 w - Sif Muna's Guide on Translocation and Creation
   (Sif Muna gifted it to you on level 10 of the Dungeon)

   Spells                             Type                      Level
   a - Summon Guardian Golem          Hexes/Summoning              3
   b - Gell's Gravitas                Translocation                3
   c - Shadow Creatures               Summoning                    6
   d - Summon Greater Demon           Summoning                    7
   e - Summon Horrible Things         Summoning                    8
Miscellaneous
 B - a fan of gales
Comestibles
 c - 20 rations
 O - 6 chunks of flesh


   Skills:
 - Level 2.4 Dodging
 - Level 2.4 Stealth
 + Level 12.7 Spellcasting
 * Level 14.2 Summonings


You had 7 spell levels left.
You knew the following spells:

 Your Spells              Type           Power        Failure   Level  Hunger
a - Summon Small Mammal   Summ           ####         0%          1    None
b - Call Imp              Summ           ######..     0%          2    None
c - Call Canine Familiar  Summ           ######..     1%          3    None
d - Summon Ice Beast      Ice/Summ       #####...     1%          4    None
e - Summon Lightning Spi  Summ/Air       #####...     1%          4    None
f - Shadow Creatures      Summ           N/A          1%          6    #####..
g - Summon Greater Demon  Summ           ######....   10%         7    ######.


Dungeon Overview and Level Annotations

Branches:
Dungeon (11/15)            Temple (1/1) D:6            Lair (0/6) D:10
    Orc (0/2) D:10

Altars:
Ashenzari
Dithmenos
Hepliaklqana
Okawaru
Sif Muna
Trog
Wu Jian
Yredelemnul
Zin
The Shining One

Shops:
D:6 ?


Message History

Found a yak corpse.
Found 48 gold pieces.
Found 23 gold pieces.
You now have 366 gold pieces (gained 15).
You now have 379 gold pieces (gained 13).
You are engulfed in freezing vapours.
You are engulfed in freezing vapours.
You now have 399 gold pieces (gained 20).
You now have 422 gold pieces (gained 23).
You see here a yak corpse.
Okay, then.
As you read the scroll of identify {@r1}, it crumbles to dust.
d - 2 potions of heal wounds
As you read the scroll of identify {@r1}, it crumbles to dust.
i - 3 potions of cancellation You are engulfed in freezing vapours.
* * * LOW HITPOINT WARNING * * *
You feel much better.
You are engulfed in freezing vapours.
You are engulfed in freezing vapours.
You die...

##.†#####
##..##.#.#
##
##..##.#.##
#.
#..≈.#..#.#
##.§
##†.#.##.##
#.§§#
##†.#####
#§§§####..##
#§§§##...#
##§@.##..#
##§...†.#
###...##
#####


There were no monsters in sight!

Vanquished Creatures
  A jackal (D:8)
1 creature vanquished.

Vanquished Creatures (collateral kills)
  Gastronok (D:10)
  A hydra (D:8)
  Erica (D:8)
  A two-headed ogre (D:10)
  A death knight (D:8)
  An unseen horror (D:10)
  Pikel (D:8)
  2 trolls
  A polar bear (IceCv)
  Grinder (D:6)
  Prince Ribbit (D:8)
  A shadow (D:11)
  A hungry ghost (D:10)
  A steam dragon (D:8)
  Menkaure (D:6)
  Edmund (D:4)
  2 wargs (D:10)
  2 hell hounds (D:10)
  4 sky beasts
  3 ice beasts
  5 orc warriors
  4 phantoms
  A black bear (D:6)
  3 ogres
  3 centaurs
  4 wolves (IceCv)
  A big kobold (D:10)
  5 bullfrogs
  3 scorpions
  A wyvern skeleton (D:4)
  5 killer bees (D:8)
  6 wights
  6 howler monkeys
  2 crimson imps
  3 bullfrog zombies
  2 centaur zombies (D:8)
  8 orc priests
  2 bullfrog skeletons (D:8)
  6 hounds
  13 orc wizards
  Crazy Yiuf (D:2)
  A centaur skeleton (D:5)
  4 iguanas
  12 worker ants
  A hound skeleton (D:8)
  4 mummies
  A worker ant zombie (D:7)
  A howler monkey zombie (D:8)
  7 gnolls
  A howler monkey skeleton (D:8)
  17 adders
  4 shadow imps
  2 oozes
  5 adder zombies
  2 adder skeletons
  2 worms (D:3)
  4 dart slugs
  4 leopard geckos
  49 orcs
  3 ball pythons
  3 giant cockroaches
  4 hobgoblins
  15 jackals
  8 kobolds
  4 quokkas
  7 bats
  8 frilled lizards
  6 goblins
  3 goblin zombies (Ossuary)
  A hobgoblin zombie (Ossuary)
  3 kobold zombies (Ossuary)
  A leopard gecko skeleton (D:4)
  2 orc zombies (D:7)
  2 quokka zombies (Ossuary)
  5 rats
  5 rat zombies (Ossuary)
  A fungus (D:2)
314 creatures vanquished.

Vanquished Creatures (others)
  A polar bear (IceCv)
  2 yaks (IceCv)
  3 slaves (D:8)
  2 wolves (IceCv)
  2 howler monkeys (D:8)
  A hound (D:8)
11 creatures vanquished.

Grand Total: 326 creatures vanquished

Notes
Turn   | Place    | Note
-------+----------+-------------------------------------------
     0 | D:1      | kuniqs the Deep Elf Summoner began the quest for the Orb.
     0 | D:1      | Reached XP level 1. HP: 10/10 MP: 6/6
   671 | D:1      | Reached XP level 2. HP: 15/15 MP: 6/8
   693 | D:1      | Learned a level 2 spell: Call Imp
  1330 | D:2      | Reached skill level 5 in Summonings
  1330 | D:2      | Reached XP level 3. HP: 14/19 MP: 1/10
  1411 | D:2      | Learned a level 3 spell: Call Canine Familiar
  1966 | D:2      | Found a glowing silver altar of Zin.
  1998 | D:2      | Found a shadowy altar of Dithmenos.
  2455 | D:2      | Found a runed door.
  2459 | D:2      | Noticed Crazy Yiuf
  2474 | D:2      | Killed Crazy Yiuf
  2474 | D:2      | Reached XP level 4. HP: 24/24 MP: 4/12
  2648 | D:3      | Reached skill level 5 in Spellcasting
  2935 | D:3      | Found a hazy altar of Hepliaklqana.
  3001 | D:3      | Found a deep blue altar of Sif Muna.
  3196 | D:4      | Reached XP level 5. HP: 17/28 MP: 5/14
  3509 | D:4      | Reached skill level 6 in Summonings
  3516 | D:4      | Learned a level 4 spell: Summon Ice Beast
  3521 | D:4      | Learned a level 4 spell: Summon Lightning Spire
  3605 | D:4      | Got a fine ring mail
  3632 | D:4      | Identified the +3 ring mail of the Hidden Vale {rElec rF- Dex+2 Stlth+} (You found it on level 4 of the Dungeon)
  3681 | D:4      | Noticed a phantom
  3747 | D:4      | Killed a phantom
  3799 | D:4      | Reached XP level 6. HP: 16/32 MP: 13/17
  4086 | D:4      | Noticed Edmund
  4131 | D:4      | Killed Edmund
  4300 | D:4      | Found an ornate altar of the Wu Jian Council.
  4426 | D:3      | Became a worshipper of Sif Muna the Loreminder
  4822 | D:5      | Entered Level 5 of the Dungeon
  4923 | D:5      | Reached skill level 7 in Summonings
  4924 | D:5      | Noticed a sky beast
  4938 | D:5      | Killed a sky beast
  5134 | D:5      | Noticed an ice beast
  5145 | D:5      | Killed an ice beast
  5186 | D:5      | Reached XP level 7. HP: 36/36 MP: 16/19
  5580 | D:6      | Found Kiomiub's Magic Scroll Shoppe.
  5604 | D:6      | Bought a scroll of identify for 28 gold pieces
  5604 | D:6      | Bought a scroll of remove curse for 42 gold pieces
  5604 | D:6      | Bought a scroll of blinking for 105 gold pieces
  5604 | D:6      | Bought a scroll of magic mapping for 49 gold pieces
  5604 | D:6      | Bought a scroll of random uselessness for 14 gold pieces
  5618 | D:6      | Found a staircase to the Ecumenical Temple.
  5633 | Temple   | Entered the Ecumenical Temple
  5665 | D:6      | Noticed Menkaure
  5746 | D:6      | Killed Menkaure
  5746 | D:6      | Reached skill level 8 in Summonings
  5956 | D:6      | Noticed Grinder
  5999 | D:6      | Killed Grinder
  6411 | D:7      | Noticed a troll
  6423 | D:7      | Killed a troll
  6525 | D:7      | Found a sand-covered staircase.
  6533 | Ossuary  | Entered an ossuary
  6542 | Ossuary  | Reached * piety under Sif Muna
  6542 | Ossuary  | Reached XP level 8. HP: 30/41 MP: 11/22
  6572 | Ossuary  | Reached skill level 9 in Summonings
  6919 | D:7      | You fall through a shaft!
  7326 | D:7      | Found a faded altar of an unknown god.
  7326 | D:7      | Found a faded altar of an unknown god.
  7331 | D:7      | Found a shattered altar of Ashenzari.
  7338 | D:7      | Found a basalt altar of Yredelemnul.
  7340 | D:7      | Found a glowing golden altar of the Shining One.
  7490 | D:8      | Noticed Pikel
  7502 | D:8      | Killed Pikel
  7502 | D:8      | Reached ** piety under Sif Muna
  7502 | D:8      | Reached skill level 10 in Summonings
  7529 | D:8      | Noticed Erica
  7909 | D:8      | Noticed a death knight
  7952 | D:8      | Killed a death knight
  8118 | D:8      | Found the +7 lajatang of Order {silver, rMut}
  8126 | D:8      | Identified the Grimoire of Ensnaring Air
  8167 | D:8      | Reached XP level 9. HP: 45/45 MP: 5/24
  8169 | D:8      | Reached skill level 10 in Spellcasting
  8232 | D:8      | Reached skill level 11 in Summonings
  8385 | D:8      | Noticed a four-headed hydra
  8392 | D:8      | Killed a four-headed hydra
  8399 | D:8      | Reached *** piety under Sif Muna
  8548 | D:8      | Killed Erica
  8548 | D:8      | Reached skill level 12 in Summonings
  8710 | D:8      | Noticed Prince Ribbit
  8718 | D:8      | Killed Prince Ribbit
  9818 | D:9      | Reached **** piety under Sif Muna
 10352 | D:9      | Found a bloodstained altar of Trog.
 10352 | D:9      | Found an iron altar of Okawaru.
 10386 | D:9      | Reached XP level 10. HP: 50/50 MP: 22/27
 10447 | D:10     | Entered Level 10 of the Dungeon
 10501 | D:10     | Found a staircase to the Lair.
 10620 | D:10     | Reached skill level 13 in Summonings
 10748 | D:10     | Found a staircase to the Orcish Mines.
 10757 | D:10     | Noticed an unseen horror
 10760 | D:10     | Killed an unseen horror
 11011 | D:10     | Noticed Gastronok
 11028 | D:10     | Killed Gastronok
 11028 | D:10     | Reached ***** piety under Sif Muna
 11028 | D:10     | Identified Sif Muna's Guide on Translocation and Creation (Sif Muna gifted it to you on level 10 of the Dungeon)
 11028 | D:10     | Received a gift from Sif Muna
 11036 | D:10     | Learned a level 6 spell: Shadow Creatures
 11044 | D:10     | Learned a level 7 spell: Summon Greater Demon
 11528 | D:10     | Noticed a two-headed ogre
 11534 | D:10     | Killed a two-headed ogre
 11774 | D:11     | Reached skill level 14 in Summonings
 11889 | D:11     | Found a frozen archway.
 12011 | D:11     | Noticed a gargoyle
 12012 | IceCv    | Entered an ice cave
 12127 | IceCv    | Engulfed by a cloud of freezing vapour

Vault maps used:
D:1:      sevenhm_arrival_forest_fort_large_2, moated_statue
D:2:      minmay_door_path, lemuel_doored_altar, grunt_dithmenos_smoke,
          uniq_crazy_yiuf_cottage
D:3:      nicolae_overflow_crystal_walls, old_standard_altar, serial_glass,
          glass_columns_b, glass_columns_a, item_on_display_a,
          minmay_misc_feat_columns, guppyfry_early_lair_pool
D:4:      marbit_many_paths, first_ration, uniq_edmund
D:6:      black_bear_nest_1, minmay_temple_entry_trees, serial_shops, shop,
          uniq_grinder, uniq_menkaure
D:7:      chequers_temple_overflow_minitemple, nicolae_ossuary_entry_giza
D:8:      minmay_the_grid_octo_2x2, uniq_prince_ribbit1, uniq_erica, uniq_pikel
D:9:      grunt_temple_overflow_bloody_war
D:10:     minmay_lair_entry_lava, erik_orc_4, uniq_gastronok
D:11:     serial_shops, shop_statue, portal_ice_cave_entry_pillars_1,
          grunt_pizzeria, grunt_decor_fettered, nrook_mini_vaults
Temple:   nicolae_temple_figure_eight
Ossuary:  ossuary_minmay_chase
IceCv:    ice_cave_caverns_02

Skill      XL: |  1  2  3  4  5  6  7  8  9 10 |
---------------+-------------------------------+-----
Spellcasting   | 4 5 6 7 8 9 11 12 | 12.7
Summonings     | 5 6 7 8 10 12 14 | 14.2
Dodging        | |  2.4
Stealth        | |  2.4

Action                   |  1- 3 |  4- 6 |  7- 9 | 10-12 || total
-------------------------+-------+-------+-------+-------++-------
Melee: Lajatang          |       |       |     1 |       ||     1
 Cast: Summon Small Mamm |    21 |       |       |       ||    21
       Call Imp          |    11 |    28 |    13 |       ||    52
       Call Canine Famil |     8 |    25 |    39 |    14 ||    86
       Summon Ice Beast  |       |     1 |    48 |    26 ||    75
       Summon Lightning  |       |     1 |    12 |     4 ||    17
       Shadow Creatures  |       |       |       |    14 ||    14
Invok: Divine Energy     |       |       |     1 |       ||     1
  Use: Scroll            |       |       |     2 |     2 ||     4
       Potion            |       |       |     3 |     2 ||     5
  Eat: Chunk             |     5 |     9 |    17 |     9 ||    40
Armor: Robe              |    14 |    14 |    24 |     4 ||    56
Dodge: Dodged            |    42 |    44 |    47 |    31 ||   164

Table legend:
 A = Spawn XP
 B = Non-spawn XP
 C = Spawn XP percentage of total XP
 D = Spawn monster count
 E = Non-spawn monster count
 F = Spawn count percentage of total count
 G = Total turns spent on level
                    A         B        C        D         E        F      G
               +---------+---------+-------+---------+---------+-------+---------
         Total |       0 |    9243 |   0.0 |       0 |     314 |   0.0 | 12127
               +---------+---------+-------+---------+---------+-------+---------
           D:1 |       0 |      23 |   0.0 |       0 |      21 |   0.0 |  1315
           D:2 |       0 |      84 |   0.0 |       0 |      25 |   0.0 |  1221
           D:3 |       0 |      62 |   0.0 |       0 |      22 |   0.0 |   731
           D:4 |       0 |     358 |   0.0 |       0 |      28 |   0.0 |  1592
           D:5 |       0 |     288 |   0.0 |       0 |      23 |   0.0 |   656
           D:6 |       0 |     384 |   0.0 |       0 |      10 |   0.0 |   804
           D:7 |       0 |     489 |   0.0 |       0 |      22 |   0.0 |  1118
           D:8 |       0 |    2948 |   0.0 |       0 |      51 |   0.0 |  1987
           D:9 |       0 |     903 |   0.0 |       0 |      33 |   0.0 |   870
          D:10 |       0 |    2847 |   0.0 |       0 |      38 |   0.0 |  1296
          D:11 |       0 |     447 |   0.0 |       0 |      15 |   0.0 |   269
       Ossuary |       0 |      53 |   0.0 |       0 |      21 |   0.0 |   151
         IceCv |       0 |     357 |   0.0 |       0 |       5 |   0.0 |   115
               +---------+---------+-------+---------+---------+-------+---------
